 Dungeon Crawl Stone Soup version 0.24-a0-537-g2d01d4ab0a (webtiles) character file.

Game seed: 4781683003865919137

3738 BinkBink the Spear-Bearer (level 9, -10/72 HPs)
             Began as a Demonspawn Gladiator on Aug 15, 2019.
             Was an Elder of Okawaru.
             Killed from afar by Erica (22 damage)
             ... with an orb of energy
             ... on level 8 of the Dungeon.
             The game lasted 00:20:37 (8893 turns).

BinkBink the Spear-Bearer (Demonspawn Gladiator)    Turns: 8893, Time: 00:20:37

Health: -10/72     AC: 17    Str: 20    XL:     9   Next: 93%
Magic:  9/9        EV: 27    Int: 10    God:    Okawaru [****..]
Gold:   387        SH:  0    Dex: 14    Spells: 8/8 levels left

rFire    . . .     SeeInvis .   x - +2 flail of Dissent {crush, rC+ Str+2 Stlth+} (curse)
rCold    + . .     Gourm    .   (no shield)
rNeg     . . .     Faith    .   G - +3 scale mail
rPois    .         Spirit   .   c - +0 helmet
rElec    .         Reflect  .   n - +0 cloak
rCorr    .         Harm     .   w - +0 pair of gloves
MR       .....                  y - +0 pair of boots
Stlth    +++.......             r - amulet of the acrobat
HPRegen  0.22/turn              (no ring)
MPRegen  0.11/turn              (no ring)

@: lethally poisoned (-10 -> -10), acrobat, slowed, very slow
A: talons 1, rugged brown scales 2, nightstalker 1, powered by death 1
a: Heroism, Renounce Religion


You were on level 8 of the Dungeon.
You worshipped Okawaru.
Okawaru was greatly pleased with you.
You were not hungry.

You visited 1 branch of the dungeon, and saw 8 of its levels.
You also visited: Ossuary.

You collected 387 gold pieces.

Inventory:

Hand Weapons
 a - a +1 trident
 x - the cursed +2 flail of Dissent (weapon) {crush, rC+ Str+2 Stlth+}
   (You found it on level 5 of the Dungeon)

   It inflicts extra damage upon your enemies.
   It affects your strength (+2).
   It protects you from cold.
   It makes you more stealthy.
   It has a curse placed upon it.
Missiles
 d - 3 throwing nets (quivered)
 j - 106 sling bullets
 k - 202 arrows
 l - 30 bolts
 L - 4 atropa-tipped darts
Armour
 c - a +0 helmet (worn)
 g - a +0 chain mail
 n - a +0 cloak (worn)
 w - a +0 pair of gloves (worn)
 y - a +0 pair of boots (worn)
 G - a +3 scale mail (worn)
Jewellery
 r - an amulet of the acrobat (around neck)
 E - an uncursed ring of resist corrosion {unknown}
 H - an uncursed ring of see invisible {unknown}
Wands
 M - a wand of flame (15)
Scrolls
 e - 6 scrolls of teleportation {unknown}
 h - 4 scrolls of remove curse
 m - 6 scrolls of enchant armour {unknown}
 o - 2 scrolls of magic mapping
 p - 2 scrolls of enchant weapon
 q - 8 scrolls of identify
 t - a scroll of fear {unknown}
 v - a scroll of random uselessness
 F - a scroll of blinking {unknown}
 I - a scroll of silence {unknown}
Potions
 b - 5 potions of degeneration
 i - 5 potions of curing
 s - 2 potions of lignification
 u - a potion of invisibility
 z - a potion of berserk rage {unknown}
 A - a potion of mutation {unknown}
 B - a potion of resistance {unknown}
 C - a potion of might {unknown}
 D - a potion of ambrosia {unknown}
 K - a potion of cancellation {unknown}
Comestibles
 f - 11 rations


   Skills:
 + Level 6.0 Fighting
 + Level 4.2 Maces & Flails
 + Level 8.2 Polearms
 + Level 2.0 Throwing
 + Level 6.5 Armour
 + Level 4.4 Dodging
 + Level 2.4 Stealth
 + Level 0.1 Invocations


You had 8 spell levels left.
You didn't know any spells.
Your spell library contained the following spells:

 Spells                   Type           Power        Failure   Level  Hunger
 Magic Dart               Conj           #...         69%         1    ##.....
 Blink                    Tloc           N/A          83%         2    ###....
 Call Imp                 Summ           #.......     83%         2    ###....
 Slow                     Hex            #.......     83%         2    ###....
 Conjure Flame            Conj/Fire      #.......     96%         3    ####...
 Mephitic Cloud           Conj/Pois/Air  #.......     96%         3    ####...


Dungeon Overview and Level Annotations

Branches:
Dungeon (8/15)             Temple (0/1) D:7
   Lair: D:8-11

Altars:
Gozag
Kikubaaqudgha
Okawaru

Shops:
D:5 !

Annotations:
D:8 Erica


Innate Abilities, Weirdness & Mutations

You have sharp toenails.
You are mostly covered in rugged brown scales. (AC +2, +5% HP)
You are slightly more attuned to the shadows.
You regenerate a little health from kills.


Message History

The orb of energy hits you!!
* * * LOW HITPOINT WARNING * * *
The orb of energy explodes!
You bump into the rock wall.
You feel less confused. Something hits you.
* * * LOW HITPOINT WARNING * * *
Something burns you.
* * * LOW HITPOINT WARNING * * *
You feel sick.
You hear some strange, mumbled words.
A bolt of poison appears from out of thin air!
The bolt of poison misses you.
You feel yourself slow down.
You feel sick.
You feel sick.
Erica appears from thin air!
Reactivating autopickup.
Erica gestures at you while chanting. The orb of energy hits you!!
You die...

#
#################################
..........................[......
##.##############################
##.# #F@..@......
##.#########.########## #
#...<.....##.# ####.
#.........##.# ###### #....
#.........##F# #....# #.
..........##.# #....# #..
.............# #....# #..
.#.########### #....# #. .#.#
#....# #.


You could see Erica and a bullfrog.

Vanquished Creatures
  Joseph (D:7)
  Sigmund (D:5)
  Duvessa (D:7)
  An eye of draining (D:8)
  An ice beast (D:4)
  A sky beast (D:5)
  3 phantoms
  4 ogres
  2 centaurs
  4 bullfrogs
  Dowan (D:7)
  11 scorpions
  3 killer bees (D:7)
  A crimson imp (D:5)
  3 centaur zombies
  2 hounds
  A human zombie (Ossuary)
  5 orc wizards
  A quasit (D:8)
  3 orc priests
  2 jellies
  A gnoll shaman (D:7)
  Jessica (D:2)
  2 iguanas
  Natasha (thrice) (D:2)
  A worker ant (D:8)
  3 mummies (Ossuary)
  2 worker ant zombies
  10 gnolls
  8 adders
  6 scorpion zombies (Ossuary)
  3 shadow imps
  An adder zombie (D:5)
  3 adder skeletons
  2 dart slugs
  4 worms
  5 leopard geckos
  17 orcs
  3 bats
  4 giant cockroaches
  3 gnoll zombies (Ossuary)
  10 hobgoblins
  2 jackals (D:4)
  3 quokkas
  A ball python (D:4)
  5 frilled lizards
  11 goblins
  A goblin zombie (Ossuary)
  A jackal zombie (D:7)
  3 kobolds
  2 kobold zombies (Ossuary)
  2 orc zombies (Ossuary)
  6 rats
181 creatures vanquished.

Notes
Turn   | Place    | Note
-------+----------+-------------------------------------------
     0 | D:1      | BinkBink the Demonspawn Gladiator began the quest for the
                  | Orb.
     0 | D:1      | Reached XP level 1. HP: 16/16 MP: 1/1
   205 | D:1      | Gained mutation: You are partially covered in rugged brown
                  | scales. (AC +1, +3% HP) [demonic ancestry]
   205 | D:1      | Reached XP level 2. HP: 14/22 MP: 2/2
   321 | D:1      | Reached skill level 3 in Polearms
   934 | D:2      | Reached XP level 3. HP: 17/27 MP: 3/3
   982 | D:2      | Noticed Jessica
  1292 | D:2      | Killed Jessica
  1337 | D:2      | Gained mutation: You are mostly covered in rugged brown
                  | scales. (AC +2, +5% HP) [demonic ancestry]
  1337 | D:2      | Reached XP level 4. HP: 22/34 MP: 4/4
  1365 | D:2      | Reached skill level 1 in Armour
  1535 | D:2      | Noticed Natasha
  1551 | D:2      | Killed Natasha
  1562 | D:2      | Found an iron altar of Okawaru.
  1587 | D:2      | Noticed Natasha
  1617 | D:2      | Killed Natasha
  1617 | D:2      | Reached skill level 4 in Polearms
  1620 | D:2      | Became a worshipper of Warmaster Okawaru
  1892 | D:2      | Noticed Natasha
  1898 | D:2      | Killed Natasha
  1898 | D:2      | Gained mutation: You have sharp toenails. [demonic
                  | ancestry]
  1898 | D:2      | Reached XP level 5. HP: 27/39 MP: 5/5
  2915 | D:3      | Gained mutation: You are slightly more attuned to the
                  | shadows. [demonic ancestry]
  2915 | D:3      | Reached XP level 6. HP: 48/48 MP: 6/6
  3051 | D:4      | Reached skill level 5 in Polearms
  3156 | D:4      | Found a sand-covered staircase.
  3164 | Ossuary  | Entered an ossuary
  3184 | Ossuary  | Reached * piety under Okawaru
  3301 | Ossuary  | Reached XP level 7. HP: 20/54 MP: 7/7
  4130 | Ossuary  | Reached skill level 6 in Polearms
  4611 | Ossuary  | Reached ** piety under Okawaru
  4870 | D:4      | Reached XP level 8. HP: 63/63 MP: 8/8
  5390 | D:4      | Reached skill level 7 in Polearms
  5390 | D:4      | Reached skill level 5 in Armour
  5565 | D:5      | Entered Level 5 of the Dungeon
  5570 | D:5      | Found Waquch's Distillery.
  5838 | D:5      | Noticed Sigmund
  6001 | D:5      | Killed Sigmund
  6001 | D:5      | Reached skill level 1 in Stealth
  6090 | D:5      | Reached skill level 5 in Fighting
  6106 | D:5      | Gained mutation: You regenerate a little health from kills.
                  | [demonic ancestry]
  6106 | D:5      | Reached XP level 9. HP: 49/71 MP: 9/9
  6170 | D:5      | Got a crude flail
  6178 | D:5      | Identified the cursed +2 flail of Dissent {crush, rC+ Str+2
                  | Stlth+} (You found it on level 5 of the Dungeon)
  6406 | D:6      | Reached *** piety under Okawaru
  6419 | D:6      | Reached skill level 8 in Polearms
  6493 | D:6      | Found an opulent altar of Gozag.
  6621 | D:6      | Reached skill level 1 in Maces & Flails
  6750 | D:6      | Noticed a troll
  6834 | D:6      | Received a gift from Okawaru
  7283 | D:7      | Found an ancient bone altar of Kikubaaqudgha.
  7285 | D:7      | Found a staircase to the Ecumenical Temple.
  7393 | D:7      | Noticed Duvessa
  7405 | D:7      | Noticed Dowan
  8047 | D:7      | Noticed Joseph
  8064 | D:7      | Killed Joseph
  8064 | D:7      | Received a gift from Okawaru
  8296 | D:7      | Killed Duvessa
  8299 | D:7      | Killed Dowan
  8743 | D:8      | Reached **** piety under Okawaru
  8828 | D:8      | Noticed Erica
  8893 | D:8      | Killed from afar by Erica

Levels and vault maps discovered:
D:1:      lightli_arrival_quake, layout_basic
D:2:      layout_basic, kennysheep_okawaru_gauntlet, uniq_natasha, uniq_jessica
D:3:      layout_loops_corners, serial_glass, glass_columns_b, glass_columns_a,
          kennysheep_generic_room_3
D:4:      layout_gridville, first_ration, nicolae_ossuary_entry_monument
D:5:      lemuel_ice_spiral_2, layout_basic, serial_shops, nicolae_shop_stone,
          st_stairs_13, serial_park_tiny_1, uniq_sigmund
D:6:      layout_loops_ring, basic_altar, lightli_corner_chamber
D:7:      layout_loops_ring, minmay_temple_entry_offerings, basic_altar,
          kennysheep_generic_room_13, uniq_joseph, uniq_duvessa
D:8:      layout_basic, gammafunk_ghost_icy, uniq_erica

Skill      XL: |  1  2  3  4  5  6  7  8  9 |
---------------+----------------------------+-----
Dodging        | 3 4 |  4.4
Polearms       | 3 4 5 6 7 8 |  8.2
Throwing       | 2 |  2.0
Armour         | 2 3 4 5 6 |  6.5
Fighting       | 3 4 5 6 |  6.0
Stealth        | 1 2 |  2.4
Maces & Flails | 4 |  4.2
Invocations    | |  0.1

Action                   |  1- 3 |  4- 6 |  7- 9 || total
-------------------------+-------+-------+-------++-------
Melee: Trident           |   135 |   191 |   358 ||   684
       Kick              |       |    33 |   110 ||   143
       Flail             |       |       |   274 ||   274
Invok: Heroism           |       |       |     1 ||     1
  Use: Potion            |       |       |    10 ||    10
       Scroll            |       |       |     8 ||     8
 Stab: Sleeping          |       |       |     4 ||     4
  Eat: Chunk             |     2 |     5 |    10 ||    17
       Ration            |       |       |     3 ||     3
Armor: Chain mail        |    76 |   110 |   163 ||   349
       Skin              |       |       |     5 ||     5
       Scale mail        |       |       |   136 ||   136
Dodge: Dodged            |    43 |    77 |   302 ||   422

Table legend:
 A = Non-vault XP
 B = Vault XP
 C = Vault XP percentage of total XP
 D = Non-vault monster count
 E = Vault monster count
 F = Vault count percentage of total count
                 A         B        C        D         E       F
            +---------+---------+-------+---------+---------+-------
      Total |    3537 |    1804 |  33.8 |     143 |      37 |  20.6
            +---------+---------+-------+---------+---------+-------
        D:1 |      32 |       0 |   0.0 |      21 |       0 |   0.0
        D:2 |     122 |      74 |  37.8 |      12 |       4 |  25.0
        D:3 |     161 |       3 |   1.8 |      20 |       1 |   4.8
        D:4 |     818 |       0 |   0.0 |      22 |       0 |   0.0
        D:5 |     592 |     260 |  30.5 |      15 |       2 |  11.8
        D:6 |     607 |       0 |   0.0 |      24 |       0 |   0.0
        D:7 |     583 |     673 |  53.6 |      15 |       3 |  16.7
        D:8 |     622 |       0 |   0.0 |      14 |       0 |   0.0
    Ossuary |       0 |     794 | 100.0 |       0 |      27 | 100.0
            +---------+---------+-------+---------+---------+-------
